 Dungeon Crawl Stone Soup version 0.30.0-10-gfe55d96785 (webtiles) character file.

Game seed: 5645086607006911767

97 qw the Chopper (level 4, 0/28 HPs)
             Began as a Gargoyle Cinder Acolyte on May 17, 2023.
             Was a High Priest of Ignis.
             Killed from afar by Sigmund (4 damage)
             ... with a magic dart
             ... on level 2 of the Dungeon.
             The game lasted 00:00:44 (1489 turns).

qw the Chopper (Gargoyle Cinder Acolyte)            Turns: 1489, Time: 00:00:44

Health: 0/28       AC: 15    Str: 20    XL:     4   Next: 68%
Magic:  5/5        EV: 10    Int: 14    God:    Ignis [*****.]
Gold:   72         SH:  0    Dex:  5    Spells: 5/5 levels left

rFire   + . .        Y - -1 hand axe (flame)
rCold   . . .        (no shield)
rNeg    + . .        h - +0 ring mail
rPois   inf          (no helmet)
rElec   +            (no cloak)
rCorr   .            (no gloves)
SInv    .            (no boots)
Will    .....        (no amulet) Stlth
                     (no ring)
HPRegen 0.24/turn    (no ring)
MPRegen 0.09/turn

%: no passive effects
@: fiery-armoured
A: sickness immunity, AC +3, negative energy resistance 1, electricity
resistance, torment resistance 1, petrification resistance
a: Renounce Religion, Fiery Armour, Foxfire Swarm, Rising Flame


You were on level 2 of the Dungeon.
You worshipped Ignis.
Ignis was extremely pleased with you.
You visited 1 branch of the dungeon, and saw 2 of its levels.

You collected 72 gold pieces.


Innate Abilities, Weirdness & Mutations

You are immune to sickness and miasma.
Your stone body is resilient. (AC +3)
You are immune to poison.
You resist negative energy. (rN+)
You are resistant to electric shocks. (rElec)
You are resistant to unholy torment.
You are immune to petrification.


   Skills:
 - Level 3.2 Fighting
 + Level 4.5 Axes
 - Level 1.3 Armour
 - Level 1.0 Spellcasting
 - Level 3.0 Fire Magic


You had 5 spell levels left.
You didn't know any spells.
Your spell library contained the following spells:

 Spells                   Type           Power      Damage    Failure   Level
 Scorch                   Fire           18%        2d5       19%         2

Inventory:

Hand Weapons
 Y - a -1 hand axe of flaming (weapon)
Armour
 h - a +0 ring mail (worn)
Scrolls
 b - a scroll of immolation {unknown}
 d - 2 scrolls of identify
Potions
 a - a potion of degeneration {unknown}
 g - 2 potions of curing

Dungeon Overview and Level Annotations

Branches:
Dungeon (2/15)

Altars:

Annotations:
D:2 Sigmund


Message History

You closely miss Sigmund.
Sigmund is moderately wounded.
You barely miss Sigmund.
Sigmund is moderately wounded.
Sigmund hits you with a +0 scythe.
You hit Sigmund but do no damage.
Sigmund is moderately wounded.
Sigmund hits you with a +0 scythe!
1482 ||| INVOKING Fiery Armour.
A protective cloak of flame settles atop you.
Sigmund casts a spell at you. The puff of flame misses you.
You closely miss Sigmund.
Sigmund is moderately wounded.
Sigmund hits you with a +0 scythe!
Sigmund is burned by your cloak of flames.
Sigmund is heavily wounded.
You barely miss Sigmund.
Sigmund is heavily wounded.
You hit Sigmund. You burn Sigmund.
Sigmund is severely wounded.
Sigmund gestures at you while chanting. The puff of flame hits you. You resist.
You completely miss Sigmund.
Sigmund is severely wounded.
Sigmund barely misses you.
You barely miss Sigmund.
Sigmund is severely wounded.
Sigmund barely misses you.
You closely miss Sigmund.
Sigmund is severely wounded.
You barely miss Sigmund.
Sigmund is severely wounded.
Sigmund casts a spell.
Sigmund flickers and vanishes!
Deactivating autopickup; reactivate with Ctrl-A.
You hear some strange, mumbled words.
A magic dart appears from out of thin air!
The magic dart hits you.
You die...

######## .
.......#############....
................@{...>..
.......#############....
.......# ? .......#
#############
............##
###########..#######
#.............# .#
#.........###.##.#


There were no monsters in sight!

Vanquished Creatures
  6 adders (D:2)
  2 dart slugs
  3 bats
  An endoplasm (D:2)
  2 goblins
  4 hobgoblins
  6 jackals
  2 kobolds (D:2)
  3 quokkas (D:1)
  4 ball pythons
  3 frilled lizards
  2 rats
38 creatures vanquished.

Notes
Turn   | Place    | Note
-------+----------+-------------------------------------------
     0 | D:1      | qw the Gargoyle Cinder Acolyte began the quest for the Orb.
     0 | D:1      | Reached XP level 1. HP: 14/14 MP: 2/2
     0 | D:1      | 0 ||| qw: Version: 0.2-a-95-g4c1bab1
     0 | D:1      | 0 ||| qw: Game counter: 124
     0 | D:1      | 0 ||| qw: Always use a shield: true
     0 | D:1      | 0 ||| qw: God list: Okawaru
     0 | D:1      | 0 ||| qw: Allow faded altars: false
     0 | D:1      | 0 ||| qw: Do Orc after D:15 true
     0 | D:1      | 0 ||| qw: Do second Lair branch before Depths: true
     0 | D:1      | 0 ||| qw: Lair rune preference: random
     0 | D:1      | 0 ||| qw: Plans: Normal
     0 | D:1      | 0 ||| PLANNING D:1-11
    45 | D:1      | 45 ||| Stepping ~*~*~tactically~*~*~ (stealth).
    61 | D:1      | Reached skill level 3 in Axes
    71 | D:1      | 71 ||| Stepping ~*~*~tactically~*~*~ (hiding).
    76 | D:1      | Reached XP level 2. HP: 19/19 MP: 3/3
   328 | D:1      | 328 ||| INVOKING Fiery Armour.
   328 | D:1      | HP: 4/19 [hobgoblin (4)]
   595 | D:1      | Found a faded altar of an unknown god.
   887 | D:1      | 887 ||| UPGRADING to +0 ring mail.
   897 | D:1      | 897 ||| DROPPING +0 robe.
   898 | D:1      | 898 ||| DROPPING amulet of magic regeneration.
   899 | D:1      | 899 ||| DROPPING ring of magical power.
   900 | D:1      | 900 ||| READING scroll labelled WAONAXKE ZUYTS.
   901 | D:1      | 901 ||| READING 4 scrolls labelled HUHECO BEPRUNGOIL.
   902 | D:1      | 902 ||| READING scroll labelled UNLEIKYODI.
  1003 | D:1      | 1003 ||| READING 2 scrolls labelled GEHIMI HU AFAL.
  1016 | D:1      | 1016 ||| READING 3 scrolls of identify.
  1016 | D:1      | 1016 ||| IDENTIFYING smoky pink potion
  1017 | D:1      | 1017 ||| DROPPING scroll of torment.
  1071 | D:2      | Reached XP level 3. HP: 23/23 MP: 4/4
  1109 | D:2      | Reached skill level 4 in Axes
  1183 | D:2      | 1183 ||| Stepping ~*~*~tactically~*~*~ (stealth).
  1199 | D:2      | Reached skill level 1 in Armour
  1199 | D:2      | Reached XP level 4. HP: 28/28 MP: 5/5
  1234 | D:2      | 1234 ||| Stepping ~*~*~tactically~*~*~ (stealth).
  1466 | D:2      | Noticed Sigmund
  1474 | D:2      | 1474 ||| DRINKING 3 potions of curing.
  1474 | D:2      | 1474 ||| (to cure confusion)
  1482 | D:2      | 1482 ||| INVOKING Fiery Armour.
  1483 | D:2      | HP: 3/28 [Sigmund/+0 scythe (9)]
  1489 | D:2      | Killed from afar by Sigmund

Levels and vault maps discovered:
D:1:      wander_arrival_desolate, layout_basic,
          shapermc_ecumenical_altar_notcrosses
D:2:      layout_basic, uniq_sigmund

Skill      XL: |  1  2  3 |
---------------+----------+-----
Axes           | 3 4 |  4.5
Armour         | 1 |  1.3
Fighting       | |  3.2
Spellcasting   | |  1.0
Fire Magic     | |  3.0

Action                     |  1- 3 |  4- 6 || total
---------------------------+-------+-------++-------
  Melee: Hand axe          |    98 |    54 ||   152
 Invoke: Fiery Armour      |     1 |     1 ||     2
    Use: Scroll            |     5 |       ||     5
         Potion            |       |     1 ||     1
 Armour: Robe              |    25 |       ||    25
         Ring mail         |    26 |    20 ||    46
  Dodge: Dodged            |    69 |    25 ||    94

Table legend:
 A = Non-vault XP
 B = Vault XP
 C = Vault XP percentage of total XP
 D = Non-vault monster count
 E = Vault monster count
 F = Vault count percentage of total count
                 A         B        C        D         E       F
            +---------+---------+-------+---------+---------+-------
      Total |     139 |       0 |   0.0 |      38 |       0 |   0.0
            +---------+---------+-------+---------+---------+-------
        D:1 |      28 |       0 |   0.0 |      15 |       0 |   0.0
        D:2 |     111 |       0 |   0.0 |      23 |       0 |   0.0
            +---------+---------+-------+---------+---------+-------
